 Dungeon Crawl Stone Soup version 0.29-a0-284-gf9362112df (webtiles) character file.

Game seed: 14973659477466489548

28 frimble the Skirmisher (level 3, -5/30 HPs)
             Began as a Djinni Cinder Acolyte on Mar 14, 2022.
             Was a High Priest of Ignis.
             Slain by Terence
             ... wielding a +1 vorpal flail
              (6 damage)
             ... on level 2 of the Dungeon.
             The game lasted 00:01:05 (1188 turns).

frimble the Skirmisher (Djinni Cinder Acolyte)      Turns: 1188, Time: 00:01:06

Health: -5/30      AC:  9    Str: 15    XL:     3   Next: 30%
Gold:   65         EV:  6    Int: 15    God:    Ignis [*****.] SH:  0 Dex:  8

rFire   + + +      SeeInvis .   a - -1 short sword (flame)
rCold   . . .      Faith    .   (no shield)
rNeg    . . .      Spirit   .   g - +1 chain mail {rC+}
rPois   ∞          Reflect  .   (no helmet)
rElec   .          Harm     .   (no cloak)
rCorr   .          Rampage  .   (no gloves)
Will    .....                   (boots unavailable)
Stlth   ..........              (no amulet)
HPRegen 0.10/turn               (no ring)
MPRegen 0.00/turn               (no ring)

@: weak-willed, flying
A: sickness immunity, fire resistance 2, cold vulnerability 1, float, innate
caster, HP casting, extra vitality 1
a: Renounce Religion, Fiery Armour, Foxfire Swarm, Rising Flame


You were on level 2 of the Dungeon.
You worshipped Ignis.
Ignis was extremely pleased with you.
You visited 1 branch of the dungeon, and saw 2 of its levels.

You collected 65 gold pieces.

Inventory:

Hand Weapons
 a - a -1 short sword of flaming (weapon)
Armour
 g - a +1 chain mail of cold resistance (worn)
Potions
 c - 2 potions of curing
 h - a potion of attraction


   Skills:
 + Level 3.4 Fighting
 + Level 3.1 Short Blades
 + Level 2.7 Spellcasting


You had 4 spell levels left.
You knew the following spells:

 Your Spells              Type           Power      Damage    Failure   Level
a - Scorch                Fire           20%        2d6       95%         2
b - Beastly Appendage     Tmut           20%        N/A       86%         1
Your spell library was empty.

Dungeon Overview and Level Annotations

Branches:
Dungeon (2/15)

Altars:

Annotations:
D:2 Terence


Innate Abilities, Weirdness & Mutations

You are immune to sickness and miasma.
You are immune to poison.
Your flesh is very heat resistant. (rF++)
You are vulnerable to cold. (rC-)
You float through the air rather than walking.
You learn spells naturally, not from books.
Your magical power is your life essence.
You have superior vitality. (+4 MHP)


Message History

You are too injured to fight recklessly!
You are too injured to fight recklessly!
You are too injured to fight recklessly!
You are too injured to fight recklessly!
You are too injured to fight recklessly!
You are too injured to fight recklessly!
You are too injured to fight recklessly!
You are too injured to fight recklessly!
You are too injured to fight recklessly!
You are too injured to fight recklessly!
You are too injured to fight recklessly!
You are too injured to fight recklessly!
You are too injured to fight recklessly!
You closely miss Terence.
Terence hits you with a +1 vorpal flail!
* * * LOW HITPOINT WARNING * * *
x2
Okay, then.
You aren't carrying any scrolls.
It was a potion of heal wounds.
You feel much better. Terence barely misses you.
Terence attacks as you move away!
Terence hits you with a +1 vorpal flail.
An endoplasm comes into view.
The endoplasm quivers.
You aren't carrying any items that you can evoke.
Casting: Scorch (extremely dangerous; 95% risk of failure)
Confirm with . or Enter, or press ? or * to list all spells.
Okay, then.
Terence attacks as you move away!
Terence hits you with a +1 vorpal flail.
* * * LOW HITPOINT WARNING * * *
Terence attacks as you move away!
Terence hits you with a +1 vorpal flail.
* * * LOW HITPOINT WARNING * * *
x2 Terence attacks as you move away!
Terence hits you with a +1 vorpal flail.
* * * LOW HITPOINT WARNING * * *
x2 Terence attacks as you move away!
Terence hits you with a +1 vorpal flail.
You die...

# ## .# ...
#.#.... #.##
##.....# ....
##@.# #..#
####@.##
####..#
#....##
...J.###.J.##
# #..##...##
.# #.....##
.. ##....##
.. ##...###
#.####....#


You could see Terence and an endoplasm.

Vanquished Creatures
  An adder (D:2)
  A dart slug (D:1)
  3 bats
  3 giant cockroaches
  A hobgoblin (D:1)
  2 jackals (D:1)
  A ball python (D:1)
  2 kobolds (D:1)
  3 rats (D:1)
17 creatures vanquished.

Notes
Turn   | Place    | Note
-------+----------+-------------------------------------------
     0 | D:1      | frimble the Djinni Cinder Acolyte began the quest for the
                  | Orb.
     0 | D:1      | Reached XP level 1. HP: 20/20 MP: 0/0
    76 | D:1      | Reached XP level 2. HP: 23/25 MP: 0/0
  1144 | D:2      | Reached XP level 3. HP: 23/30 MP: 0/0
  1144 | D:2      | Learned a level 1 spell: Beastly Appendage
  1161 | D:2      | Noticed Terence
  1187 | D:2      | HP: 1/30 [Terence/+1 vorpal flail (2)]
  1188 | D:2      | Slain by Terence

Illustrated notes

Levels and vault maps discovered:
D:1:      saegor_arrival_simple_a, layout_basic, minmay_strange_pillars,
          minmay_misc_feat_rugged
D:2:      minmay_alternating_diamond, layout_rooms,
          ebering_ecumenical_altar_sacrificial, hangedman_feature_mirror,
          uniq_terence, uniq_jessica

Skill      XL: |  1  2 |
---------------+-------+-----
Short Blades   | 3 |  3.1
Fighting       | |  3.4
Spellcasting   | |  2.7

Action                   || total
-------------------------++-------
Melee: Short sword       ||    59
 Cast: Scorch            ||     2
  Use: Scroll            ||     5
       Potion            ||     1
Armor: Robe              ||    10
       Chain mail        ||    13
Dodge: Dodged            ||    32

Table legend: (Time is in decaauts)
 A = Elapsed time spent in this place.
 B = Non-inter-level travel time spent in this place.
 C = Inter-level travel time spent in this place.
 D = Time resting spent in this place.
 E = Time spent auto-exploring this place.
 F = Levels seen in this place.
 G = Mean time per level.
                   A        B        C        D        E       F      G
               +--------+--------+--------+--------+--------+-----+--------+
         Total |   1185 |   1091 |     94 |      0 |    925 |   2 |  592.5 |
       Dungeon |   1185 |   1091 |     94 |      0 |    925 |   2 |  592.5 |
               +--------+--------+--------+--------+--------+-----+--------+

Top non-repeatable levels by time:
     D:1: 1136 daAuts
     D:2: 49 daAuts
